 Dungeon Crawl Stone Soup version 0.30.0-29-ga12c61a403 (webtiles) character file.

Game seed: 14405973313325502887

1785 LustLizard the Ruffian (level 9, -6/62 HPs)
             Began as an Octopode Berserker on June 8, 2023.
             Was a Priest of Trog.
             Killed by divine providence
             ... invoked by an orc priest
              (14 damage)
             ... on level 6 of the Dungeon.
             The game lasted 00:06:26 (5367 turns).

LustLizard the Ruffian (Octopode Berserker)         Turns: 5367, Time: 00:06:26

Health: -6/62      AC:  1    Str: 20    XL:     9   Next: 8%
Magic:  9/9        EV: 15    Int:  9    God:    Trog [***...]
Gold:   334        SH:  0    Dex: 12    Spells: 8/8 levels left

rFire   . .          .
                       - Unarmed
rCold   + . .        (no shield)
rNeg    . . .        (helmet restricted)
rPois   .            (no amulet)
rElec   .            m - ring of protection from cold
rCorr   .            (no ring)
SInv    .            (no ring)
Will    .....        (no ring)
Stlth   ++++         (no ring)
HPRegen 0.30/turn    (no ring)
MPRegen 0.11/turn    (no ring)
                     (no ring)

%: no passive effects
@: no status effects
A: almost no armour, amphibious, 8 rings, camouflage 1, gelatinous body 1,
(nimble swimmer 1), tentacles
a: Renounce Religion, Berserk, Trog's Hand


You were on level 6 of the Dungeon.
You worshipped Trog.
Trog was most pleased with you.
You visited 1 branch of the dungeon, and saw 6 of its levels.

You collected 334 gold pieces.

Inventory:

Jewellery
 g - a ring of ice
 m - a ring of protection from cold (left tentacle)
 u - a +4 ring of protection
Wands
 h - a wand of acid (21)
 n - a wand of roots (7)
 r - a wand of flame (45)
 s - a wand of polymorph (8)
 w - a wand of paralysis (4)
Scrolls
 b - a scroll of enchant armour {unknown}
 d - a scroll of teleportation
 l - a scroll of fog {unknown}
 p - a scroll of fear {unknown}
 t - a scroll of silence {unknown}
 v - a scroll of butterflies {unknown}
Potions
 a - 3 potions of mutation
 c - a potion of curing {unknown}
 e - a potion of flight {unknown}
 f - a potion of ambrosia
 i - a potion of haste {unknown}
 j - 2 potions of invisibility
 k - a potion of attraction {unknown}
 o - a potion of might {unknown}
 q - 2 potions of berserk rage
 x - a potion of lignification {unknown}


   Skills:
 + Level 5.8 Fighting
 + Level 5.8 Dodging
 + Level 7.1 Stealth
 * Level 7.7 Unarmed Combat
 + Level 1.5 Evocations


You had 8 spell levels left.
You didn't know any spells.
Your spell library was empty.

Dungeon Overview and Level Annotations

Branches:
Dungeon (6/15)
 Temple: D:4-7

Altars:
Okawaru
Qazlal
Trog
Wu Jian
Yredelemnul

Shops:
D:1 (   D:2 [   D:6 :


Innate Abilities, Weirdness & Mutations

You cannot wear most types of armour.
You are amphibious.
You can wear up to eight rings at the same time.
Your skin changes colour to match your surroundings (Stealth+).
Your rubbery body absorbs attacks. (AC +1, EV +1)
((You are camouflaged when in or above water. (Stealth+)))
You have tentacles for arms and can constrict up to eight enemies at once.


Message History

Found 8 gold pieces.
You enter the shallow water.
You tentacle-slap the electric eel but do no damage.
Your grab misses the electric eel. Your squeeze misses the electric eel.
You tentacle-slap the electric eel. Your grab misses the electric eel.
The electric eel is heavily wounded.
The electric eel shoots out a bolt of lightning at you!
The bolt of electricity hits you! x2
The bolt of electricity hits the electric eel.
The electric eel completely resists.
The orc priest shouts!
The orc wizard shouts!
You completely miss the electric eel. Your grab misses the electric eel.
The electric eel is heavily wounded.
The orc priest looks braver for a moment.
An orc comes into view. It is wielding a +0 war axe.
You miss the electric eel.
The orc shouts!
Your grab misses the electric eel. You squeeze the electric eel!
You kill the electric eel!
Trog accepts your kill.
You hear a splash.
The orc priest mumbles some strange prayers to Beogh against you.
Beogh smites you!
The orc wizard gestures at you while chanting.
You are confused.
You enter the shallow water.
You closely miss the orc. The orc hits you with a +0 dagger.
You are too confused!
You feel less confused.
The orc priest calls down the wrath of Beogh upon you.
You struggle to resist.
The orc priest calls down the wrath of Beogh upon you.
Beogh smites you!
* * * LOW HITPOINT WARNING * * *
The orc wizard casts a spell.
The orc wizard flickers and vanishes!
Deactivating autopickup; reactivate with Ctrl-A.
The orc priest mumbles some strange prayers to Beogh against you.
Beogh smites you!
You die...

#>....##########.....#.
#..............#.....#.
#......#######.#.###.#.
###......# #.#......>
#......# #........#
#......# #....##..#
#......# #....###.#
####...# #....# #.# #@###
#....# #.. . ###.#
#.#.###### ..####..o##
#.#.......
.......$..######.##.....#
~~~~.~~~~.##.............
≈≈≈~.~~~~....######......
≈≈≈~o≈≈≈{..### ####'#[
~~~~.~≈†~.## #.#.
.....~~~~.# #.#.


You could see an orc priest and an orc.

Vanquished Creatures
  Pikel (D:5)
  Duvessa (D:5)
  A black bear (D:6)
  An ice beast (D:5)
  2 ogres
  2 phantoms
  Blork the orc (D:5)
  2 scorpions
  Dowan (D:5)
  An electric eel (D:6)
  A hound (D:6)
  An orc priest (D:6)
  3 iguanas (D:4)
  2 orc wizards
  2 scorpion zombies (D:4)
  A hound skeleton (D:2)
  A hound zombie (D:4)
  A howler monkey zombie (D:2)
  4 gnolls
  4 adders
  An ufetubus (D:5)
  4 adder zombies
  An adder skeleton (D:2)
  A worm (D:2)
  3 dart slugs
  12 orcs
  11 endoplasms
  A giant cockroach (D:3)
  2 goblins (D:4)
  2 hobgoblins (D:2)
  4 jackals
  4 quokkas
  7 ball pythons
  2 ball python zombies (D:2)
  6 bats
  2 frilled lizards
  7 kobolds
  3 quokka skeletons (D:2)
  4 rats
110 creatures vanquished.

Notes
Turn   | Place    | Note
-------+----------+-------------------------------------------
     0 | D:1      | LustLizard the Octopode Berserker began the quest for the
                  | Orb.
     0 | D:1      | Reached XP level 1. HP: 16/16 MP: 1/1
   267 | D:1      | Reached skill level 1 in Stealth
   267 | D:1      | Reached XP level 2. HP: 20/21 MP: 2/2
   476 | D:1      | Reached XP level 3. HP: 26/26 MP: 3/3
   489 | D:1      | Noticed a golden eye
   491 | D:1      | Found a faded altar of an unknown god.
   493 | D:1      | Noticed an eye of devastation
   493 | D:1      | Noticed a shining eye
   493 | D:1      | Noticed an eye of devastation
   712 | D:1      | Found Adoqilol's Weapon Shop.
  1053 | D:2      | Reached ** piety under Trog
  1105 | D:2      | Reached XP level 4. HP: 31/31 MP: 4/4
  1688 | D:2      | Found Nijaigif's Armour Boutique.
  2362 | D:3      | Found a stormy altar of Qazlal.
  2403 | D:4      | Reached XP level 5. HP: 28/36 MP: 5/5
  2819 | D:4      | Reached XP level 6. HP: 43/43 MP: 6/6
  2984 | D:4      | Reached skill level 5 in Unarmed Combat
  3350 | D:4      | Found a basalt altar of Yredelemnul.
  3541 | D:4      | Reached XP level 7. HP: 46/49 MP: 7/7
  3557 | D:5      | Entered Level 5 of the Dungeon
  3581 | D:5      | HP: 2/49 [poisoned by a scorpion]
  3592 | D:5      | HP: 2/49 [poisoned by a scorpion]
  3882 | D:5      | Noticed Blork the orc
  3891 | D:5      | Killed Blork the orc
  3926 | D:5      | Reached *** piety under Trog
  3927 | D:5      | Reached skill level 5 in Stealth
  4068 | D:5      | Reached XP level 8. HP: 29/54 MP: 8/8
  4416 | D:5      | Noticed Pikel
  4423 | D:5      | Killed Pikel
  4424 | D:5      | Reached skill level 5 in Fighting
  4424 | D:5      | Reached skill level 5 in Dodging
  4537 | D:5      | Noticed Dowan
  4544 | D:5      | Noticed Duvessa
  4553 | D:5      | Killed Duvessa
  4567 | D:5      | Killed Dowan
  4681 | D:5      | Found an ornate altar of the Wu Jian Council.
  4684 | D:5      | Found an iron altar of Okawaru.
  4687 | D:5      | Found a bloodstained altar of Trog.
  4983 | D:6      | Reached skill level 1 in Evocations
  4983 | D:6      | Reached XP level 9. HP: 29/62 MP: 9/9
  5174 | D:6      | Found Bivveq's Book Shop.
  5367 | D:6      | Killed from afar by an orc priest

Illustrated notes

Levels and vault maps discovered:
D:1:      dpeg_arrival_radiant, layout_basic, serial_shops,
          nicolae_shop_just_a_little_nook,
          hellmonk_ecumenical_altar_watching_god
D:2:      layout_loops_corners, serial_undead, serial_undead_d, serial_undead_f,
          serial_undead_a, serial_undead_e, serial_undead_d, serial_undead_d,
          serial_shops, shop
D:3:      layout_loops_ring, nicolae_overflow_hidden_temple
D:4:      layout_gridville, nicolae_yredelemnul_corpse_copse,
          serial_park_tiny_2, minmay_misc_feat_x
D:5:      layout_basic, grunt_temple_overflow_diamond, kennysheep_doodads,
          eino_tiny_chamber, uniq_blork_the_orc, uniq_duvessa, uniq_pikel
D:6:      layout_basic, serial_shops, shop, minivault_14

Skill      XL: |  1  2  3  4  5  6  7  8  9 |
---------------+----------------------------+-----
Stealth        | 1 2 3 4 5 6 7 |  7.1
Unarmed Combat | 4 5 6 7 |  7.7
Fighting       | 4 5 |  5.8
Dodging        | 4 5 |  5.8
Evocations     | 1 |  1.5

Action                     |  1- 3 |  4- 6 |  7- 9 || total
---------------------------+-------+-------+-------++-------
  Melee: Unarmed           |    57 |   123 |    86 ||   266
         Constrict         |    15 |    35 |    15 ||    65
         Tentacles         |    14 |    30 |    15 ||    59
         Punch             |     1 |     7 |     6 ||    14
 Invoke: Berserk           |       |     2 |     2 ||     4
    Use: Scroll            |       |     6 |     2 ||     8
         Potion            |       |       |     4 ||     4
   Stab: Sleeping          |     8 |    14 |     6 ||    28
         Distracted        |       |     1 |       ||     1
 Armour: Skin              |     7 |     6 |     3 ||    16
  Dodge: Dodged            |    35 |    57 |    34 ||   126
